 Dungeon Crawl Stone Soup version 0.19-a0-1686-g35356ef (webtiles) character file.

45047 hairmachine the Brawler (level 14, -2/117 HPs)
             Began as a Ghoul Monk on Sept 25, 2016.
             Was the Champion of Hepliaklqana.
             Killed from afar by Azrael (33 damage)
             ... with damnation
             ... on level 12 of the Dungeon.
             The game lasted 00:57:29 (15700 turns).

hairmachine the Brawler (Ghoul Monk)               Turns: 15700, Time: 00:57:30

Health: -2/117     AC: 20    Str: 20    XL:     14   Next: 31%
Magic:  19/19      EV:  8    Int:  5    God:    Hepliaklqana [******]
Gold:   873        SH:  3    Dex: 14    Spells: 0 memorised, 13 levels left

rFire  . . .     SeeInvis .       - Unarmed
rCold  + + .     Gourm    .     J - +1 plate armour
rNeg   + + +     Faith    .     (no shield)
rPois  ∞         Spirit   .     (no helmet)
rElec  .         Dismiss  .     (no cloak)
rCorr  .         Reflect  +     (no gloves)
MR     +....     Harm     .     a - +2 pair of boots
Stlth  ..........               l - +3 amulet of reflection
                                v - ring of protection from cold
                                N - +3 ring of strength

@: flying, rotting
A: rotting body, reduced essence, claws 1, carnivore 3, cold resistance 1,
negative energy resistance 3, slow regeneration 1, torment resistance,
unbreathing
a: Recall Ancestor, Ancestor Identity, Transference, Idealise, Renounce Religion


You were on level 12 of the Dungeon.
You worshipped Hepliaklqana.
Hepliaklqana was exalted by your worship.
You were not hungry.

You visited 2 branches of the dungeon, and saw 18 of its levels.

You collected 1411 gold pieces.
You spent 538 gold pieces at shops.

Inventory:

Missiles
 n - 4 tomahawks of returning
 Q - a throwing net (quivered)
Armour
 a - a +2 pair of boots (worn)
 J - a +1 plate armour (worn)
Jewellery
 l - a +3 amulet of reflection (around neck)
 v - a ring of protection from cold (right claw)
 N - a +3 ring of strength (left claw)
Wands
 e - a wand of heal wounds (5/9)
 p - a wand of acid (5/15)
 y - a wand of paralysis (5/24)
 K - a wand of iceblast (9/15)
 S - a wand of digging (5/24)
Scrolls
 c - 5 scrolls of remove curse
 d - a scroll of blinking
 f - 2 scrolls of enchant weapon
 h - 2 scrolls of recharging
 i - 3 scrolls of enchant armour
 m - a scroll of noise {unknown}
 o - 3 scrolls of magic mapping {unknown}
 q - 3 scrolls of fear
 w - 4 scrolls of teleportation {unknown}
 A - 2 scrolls of vulnerability {unknown}
 B - a scroll of torment {unknown}
 C - a scroll of fog {unknown}
 D - a scroll of summoning {unknown}
 H - 3 scrolls of identify
 P - a scroll of amnesia
 R - 2 scrolls of brand weapon {unknown}
Potions
 g - 2 potions of cancellation {unknown}
 r - 3 potions of heal wounds
 s - 2 potions of magic {unknown}
 t - a potion of agility
 x - 3 potions of flight
 z - 3 potions of curing
 L - a potion of might {unknown}
Comestibles
 b - 14 meat rations
 j - 3 royal jellies
 u - 4 beef jerkies
 I - 9 slices of pizza


   Skills:
 + Level 13.8 Fighting
 + Level 10.5 Armour
 + Level 4.2 Dodging
 - Level 5.9 Stealth
 + Level 15.0 Unarmed Combat
 - Level 8.8 Invocations
 - Level 4.4 Evocations


You had 13 spell levels left.
You didn't know any spells.

Dungeon Overview and Level Annotations

Branches:
Dungeon (12/15)            Temple (0/1) D:6            Lair (6/6) D:11
 Shoals (0/4) Lair:3        Snake (0/4) Lair:4        Slime (0/5) Lair:6
    Orc (0/2) D:10

Altars:
Cheibriados
Dithmenos
Fedhas
Gozag
Hepliaklqana
Makhleb
Okawaru
Qazlal
Ru
Sif Muna
Uskayaw
Vehumet
Zin
Jiyva

Shops:
D:4 [   D:7 !

Annotations:
D:12 Azrael
Lair:5 exclusion: oklob plant
Lair:6 1 runed door


Innate Abilities, Weirdness & Mutations

Your body is rotting away.
You thrive on raw meat.
You are immune to poison.
You have sharp fingernails.
You are carnivorous and can eat meat at any time.
Your flesh is cold resistant. (rC+)
You are immune to negative energy. (rN+++)
You regenerate slowly when monsters are visible.
You are immune to unholy pain and torment.
You can survive without breathing.
Your life essence is reduced. (-10% HP)


Message History

The cyan ugly thing gores Xiloxoch!
The cyan ugly thing shocks Xiloxoch!
The fire elemental hits you. The fire elemental burns you!
* * * LOW HITPOINT WARNING * * *
You are engulfed in a cloud of scalding steam.
The fire elemental hits Xiloxoch.
The fire elemental burns Xiloxoch!
Xiloxoch resists.
Xiloxoch hits the cyan ugly thing with a quarterstaff!!
The cyan ugly thing dies!
Your Unarmed Combat skill increases to level 15!
The fire elemental hits Xiloxoch.
The fire elemental burns Xiloxoch!
Xiloxoch resists.
The hell hound breathes flames at you. The blast of flame hits you!
Xiloxoch hits the fire elemental with a quarterstaff!
Something completely misses Xiloxoch.
The hell hound closely misses Xiloxoch.
Xiloxoch gestures at the fire elemental while chanting.
The stone arrow hits the fire elemental.
Azrael gestures at you.
The sphere of damnation explodes!
The damnation engulfs you!
You die...

##.##..##.>#...###
#####(#####.#.#.##....
###....#....#..R#....##.
#...###..##.####.#./##..
##.##......#..#.####..##
####...≈.....≈≈......#.
####.≈≈.≈≈≈≈.≈≈≈≈.≈≈≈≈≈
####≈≈≈≈≈≈≈.≈≈≈≈≈.≈≈≈.≈≈≈≈
≈≈≈≈≈≈≈≈≈@≈≈≈≈≈≈≈≈≈≈≈≈.≈≈≈
####≈≈≈≈≈≈≈≈≈≈≈≈≈≈≈≈≈≈≈≈≈≈
≈≈≈≈≈≈≈≈≈≈≈≈≈≈≈≈≈≈≈≈≈≈≈≈≈≈
##≈###≈≈≈§≈≈≈≈≈≈≈≈≈≈≈≈≈.≈≈
≈≈≈≈≈≈≈≈R≈R≈≈≈≈≈≈≈≈≈≈≈≈≈≈≈
≈≈≈≈≈≈≈≈EEEh≈≈≈≈≈≈≈≈≈≈≈≈≈≈
######≈≈≈EE≈≈≈≈≈≈≈≈≈≈≈≈≈.≈
####§hh.≈≈≈≈..≈≈≈≈≈≈[
E§§..####.........


You could see the friendly Xiloxoch the battlemage, Azrael, 5 fire elementals
and 3 hell hounds.

Vanquished Creatures
  Rupert (Lair:4)
  A hydra (D:9)
  2 catoblepae (Lair:6)
  6 death yaks (Lair:6)
  Sonja (Lair:1)
  Nergalle (Lair:1)
  Pikel (D:8)
  A cyclops (D:10)
  Joseph (D:9)
  4 black mambas
  A torpor snail (Lair:2)
  11 elephants
  2 spiny frogs (Lair:6)
  A gargoyle (D:11)
  8 komodo dragons
  An ice devil (Lair:5)
  A polar bear (Lair:6)
  A troll (D:9)
  Grinder (D:4)
  A two-headed ogre (D:11)
  9 blink frogs
  5 hippogriffs
  2 dream sheep (D:9)
  2 water elementals (D:12)
  A spriggan (Lair:2)
  2 wyverns
  14 yaks
  A basilisk (Lair:3)
  Menkaure (D:3)
  14 water moccasins
  4 porcupines
  3 black bears
  3 orc warriors
  2 ice beasts
  A sky beast (D:9)
  A phantom (D:9)
  3 ogres
  A wasp (D:12)
  4 wolves
  9 crocodiles
  4 big kobolds
  12 bullfrogs
  3 scorpions
  A killer bee (D:10)
  3 howler monkeys (D:11)
  An electric eel (D:12)
  4 crimson imps
  A bullfrog zombie (D:11)
  3 jellies
  5 orc priests
  A hound (D:5)
  A bullfrog skeleton (D:11)
  9 iguanas
  A centaur skeleton (D:8)
  4 orc wizards
  8 worker ants
  A killer bee zombie (D:5)
  28 river rats
  12 adders
  3 shadow imps
  3 oozes
  An adder zombie (D:7)
  An adder skeleton (D:5)
  3 worms
  6 dart slugs
  8 leopard geckos
  34 orcs
  2 giant cockroaches
  9 goblins
  3 hobgoblins
  4 jackals (D:2)
  10 kobolds
  3 quokkas
  A ball python (D:4)
  6 bats
  3 frilled lizards
  A leopard gecko skeleton (D:6)
  8 rats
340 creatures vanquished.

Vanquished Creatures (collateral kills)
  Snorg (Lair:6)
  A catoblepas (Lair:6)
  3 death yaks (Lair:6)
  An ugly thing (D:12)
  4 elephants
  2 black mambas
  3 komodo dragons
  A spiny frog (Lair:3)
  A rime drake (Lair:3)
  An ice devil (Lair:5)
  A merfolk (Lair:3)
  A polar bear (Lair:2)
  A blink frog (Lair:2)
  A hippogriff (Lair:6)
  A basilisk (Lair:4)
  A wyvern (Lair:4)
  8 yaks
  A steam dragon (D:11)
  A porcupine (Lair:4)
  8 water moccasins
  An orc warrior (D:9)
  A necrophage (D:11)
  A swamp drake (D:11)
  An eye of draining (D:11)
  A sky beast (D:8)
  2 phantoms
  4 wolves
  2 centaurs
  5 crocodiles
  A big kobold (D:7)
  5 bullfrogs
  A wyvern skeleton (D:9)
  A water moccasin skeleton (D:10)
  2 killer bees (D:9)
  An electric eel (D:12)
  A crimson imp (D:12)
  A centaur zombie (D:6)
  2 orc wizards (D:7)
  A centaur skeleton (D:11)
  4 iguanas
  A worker ant zombie (D:9)
  3 adders
  8 river rats
  A shadow imp (D:5)
  2 leopard geckos
  8 orcs
  2 ball pythons
  2 goblins (D:9)
  A kobold (D:11)
  A quokka (D:5)
  A bush (D:9)
110 creatures vanquished.

Vanquished Creatures (others)
  11 battlemagi
  An orc (D:6)
  2 fungi (Lair:5)
  2 plants (Lair:6)
16 creatures vanquished.

Grand Total: 466 creatures vanquished

Notes
Turn   | Place    | Note
-------+----------+-------------------------------------------
     0 | D:1      | hairmachine the Ghoul Monk began the quest for the Orb.
     0 | D:1      | Reached XP level 1. HP: 19/19 MP: 0/0
   420 | D:1      | Reached XP level 2. HP: 26/26 MP: 1/1
   598 | D:1      | Reached skill level 4 in Unarmed Combat
   866 | D:2      | Reached XP level 3. HP: 31/31 MP: 2/2
  1172 | D:2      | Reached skill level 5 in Unarmed Combat
  1286 | D:2      | Reached XP level 4. HP: 31/38 MP: 3/3
  1614 | D:3      | Reached skill level 6 in Unarmed Combat
  1614 | D:3      | Reached XP level 5. HP: 44/45 MP: 4/4
  2137 | D:4      | Noticed Menkaure
  2154 | D:3      | Killed Menkaure
  2154 | D:3      | Reached skill level 7 in Unarmed Combat
  2154 | D:3      | Reached XP level 6. HP: 47/51 MP: 5/5
  2228 | D:4      | Reached skill level 8 in Unarmed Combat
  2390 | D:3      | Reached XP level 7. HP: 39/57 MP: 6/6
  2462 | D:4      | Noticed Grinder
  2498 | D:4      | Killed Grinder
  2498 | D:4      | Reached skill level 9 in Unarmed Combat
  2759 | D:4      | Found Fusiel's Antique Armour Shoppe.
  2762 | D:4      | Bought a pair of heavily runed boots for 218 gold pieces
  2767 | D:4      | Identified the cursed -3 pair of boots of the Insatiable Moons {rN+} (You bought it in a shop on level 4 of the Dungeon)
  2832 | D:4      | Found a hazy altar of Hepliaklqana.
  2838 | D:4      | Became a worshipper of Hepliaklqana
  2838 | D:4      | Reached * piety under Hepliaklqana
  2838 | D:4      | Reached ** piety under Hepliaklqana
  2873 | D:5      | Entered Level 5 of the Dungeon
  3164 | D:5      | Reached skill level 10 in Unarmed Combat
  3164 | D:5      | Reached XP level 8. HP: 54/56 MP: 7/7
  3223 | D:5      | Found an opulent altar of Gozag.
  3427 | D:5      | Remembered your ancestor Xiloxoch as a battlemage
  4018 | D:5      | Reached skill level 11 in Unarmed Combat
  4152 | D:6      | Found an iron altar of Okawaru.
  4232 | D:6      | Found a staircase to the Ecumenical Temple.
  4265 | D:6      | Found a blossoming altar of Fedhas.
  4365 | D:6      | Found a sacrificial altar of Ru.
  4581 | D:7      | Reached XP level 9. HP: 59/63 MP: 8/8
  4588 | D:7      | Found a glowing silver altar of Zin.
  4615 | D:7      | Found Douba's Distillery.
  4620 | D:7      | Bought a potion of heal wounds for 80 gold pieces
  4620 | D:7      | Bought a potion of haste for 160 gold pieces
  4620 | D:7      | Bought a potion of heal wounds for 80 gold pieces
  4709 | D:7      | Reached skill level 12 in Unarmed Combat
  4736 | D:7      | Reached *** piety under Hepliaklqana
  4803 | D:7      | You fall through a shaft!
  4814 | D:8      | Noticed Pikel
  4825 | D:8      | Killed Pikel
  4847 | D:8      | Found a sand-covered staircase.
  4967 | D:7      | Found a hide-covered altar of Uskayaw.
  5013 | D:8      | Found a deep blue altar of Sif Muna.
  5199 | D:7      | Found a burning altar of Makhleb.
  5221 | D:7      | Reached skill level 13 in Unarmed Combat
  5739 | D:8      | Reached skill level 5 in Fighting
  5846 | D:8      | Reached **** piety under Hepliaklqana
  5859 | D:8      | Reached skill level 1 in Invocations
  6198 | D:9      | Reached XP level 10. HP: 71/72 MP: 10/10
  6340 | D:9      | Noticed a three-headed hydra
  6354 | D:9      | Killed a three-headed hydra
  6354 | D:9      | Reached skill level 5 in Stealth
  6442 | D:9      | Found a glowing silver altar of Zin.
  6571 | D:9      | Reached skill level 5 in Invocations
  6588 | D:9      | Reached skill level 1 in Armour
  6670 | D:9      | Found a blossoming altar of Fedhas.
  6735 | D:9      | Found a flagged portal.
  6786 | D:9      | Found a snail-covered altar of Cheibriados.
  6849 | D:9      | Found a shadowy altar of Dithmenos.
  6856 | D:9      | Found a radiant altar of Vehumet.
  7110 | D:9      | Noticed Joseph
  7128 | D:9      | Killed Joseph
  7276 | D:9      | Found a stormy altar of Qazlal.
  7345 | D:10     | Entered Level 10 of the Dungeon
  7370 | D:10     | Found a staircase to the Orcish Mines.
  7410 | D:10     | Reached XP level 11. HP: 84/84 MP: 13/13
  7439 | D:10     | Noticed a cyclops
  7689 | D:10     | Killed a cyclops
  7713 | D:10     | Noticed a hill giant
  8094 | D:11     | Reached ***** piety under Hepliaklqana
  8098 | D:11     | Reached skill level 5 in Armour
  8603 | D:11     | Found a staircase to the Lair.
  8610 | Lair:1   | Entered Level 1 of the Lair of Beasts
  8617 | Lair:1   | Reached skill level 10 in Fighting
  8767 | Lair:1   | Noticed Nergalle
  8767 | Lair:1   | Noticed Sonja
  8902 | Lair:1   | Killed Sonja
  9086 | Lair:1   | Killed Nergalle
  9293 | Lair:2   | Reached XP level 12. HP: 97/97 MP: 13/15
  9949 | Lair:3   | Reached ****** piety under Hepliaklqana
 10037 | Lair:3   | Found a staircase to the Shoals.
 10182 | Lair:3   | Reached skill level 1 in Evocations
 10780 | Lair:4   | Noticed Rupert
 10823 | Lair:4   | Killed Rupert
 11027 | Lair:4   | Found a staircase to the Snake Pit.
 11404 | Lair:4   | Reached XP level 13. HP: 78/106 MP: 16/16
 12115 | Lair:5   | Reached skill level 14 in Unarmed Combat
 13153 | Lair:6   | Entered Level 6 of the Lair of Beasts
 13197 | Lair:6   | Found a runed door.
 13208 | Lair:6   | Found a viscous altar of Jiyva.
 13209 | Lair:6   | Noticed an azure jelly
 13210 | Lair:6   | Found a staircase to the Slime Pits.
 13821 | Lair:6   | Reached skill level 10 in Armour
 13905 | Lair:6   | Reached XP level 14. HP: 52/116 MP: 19/19
 14365 | Lair:6   | Noticed Snorg
 14761 | Lair:6   | Killed Snorg
 15692 | D:12     | Noticed Azrael
 15696 | D:12     | Reached skill level 15 in Unarmed Combat
 15700 | D:12     | Killed from afar by Azrael

Vault maps used:
D:1:      dpeg_arrival_stone_temple_mockup
D:2:      first_bread
D:4:      kennysheep_little_box, serial_shops, nicolae_shop_behind_doors,
          kennysheep_generic_room_12, uniq_menkaure, uniq_grinder
D:5:      nicolae_gozag_cash_rules_everything_around_me
D:6:      old_standard_altar, kennysheep_mini_moat,
          nicolae_overflow_crystal_walls
D:7:      nicolae_overflow_hidden_temple, overflow_temple_1_default,
          old_standard_altar, serial_shops, shop
D:8:      nicolae_ossuary_entry_plus, basic_altar, uniq_pikel
D:9:      slow_altar_2, marbit_many_paths, amethyst_overflow_temple_binary,
          enter_bailey_3, basic_altar, hangedman_ranch,
          fedhas_bush_and_centaur_altar, uniq_joseph
D:10:     orc_0_dummy, serial_bayou
D:11:     erik_lair_dragon, kennysheep_generic_room_2
D:12:     erik_rubicon_b, uniq_azrael
Lair:1:   uniq_nergalle, uniq_sonja
Lair:2:   grunt_forest_stairs_clearing, grunt_megastairs_2
Lair:3:   elwin_shoals_entry_rocks, beast_lair_carwin_10, lemuel_fruit_fields,
          grunt_megastairs_4
Lair:4:   minmay_snake_entry_six_corridors, bh_autumn_forest_stairs, uniq_rupert
Lair:5:   portal_ice_cave_demonic_guard, minivault_11,
          cheibrodos_lair_reptile_den, grunt_megastairs_5
Lair:6:   evilmike_catoblepas_cave, slime_altar_2, uniq_snorg

Skill      XL: |  1  2  3  4  5  6  7  8  9 10 11 12 13 14 |
---------------+-------------------------------------------+-----
Unarmed Combat | 4 5 6 7 8 10 11 13 14 15 | 15.0
Dodging        | 3 4 |  4.2
Fighting       | 4 5 8 10 12 13 | 13.8
Stealth        | 3 5 |  5.9
Invocations    | 2 5 6 8 |  8.8
Armour         | 3 7 8 10 | 10.5
Evocations     | 4 |  4.4

Action                   |  1- 3 |  4- 6 |  7- 9 | 10-12 | 13-15 || total
-------------------------+-------+-------+-------+-------+-------++-------
Melee: Unarmed           |   121 |   150 |   252 |   563 |   342 ||  1428
       Punch             |     1 |     6 |    15 |    24 |    27 ||    73
Invok: Ancestor Life: Ba |       |       |     1 |       |       ||     1
       Recall Ancestor   |       |       |     1 |     4 |     1 ||     6
Evoke: Wand              |       |       |     5 |    11 |     8 ||    24
  Use: Scroll            |       |     2 |     2 |     7 |     7 ||    18
       Potion            |       |     2 |       |    12 |     2 ||    16
 Stab: Paralysed         |       |       |    10 |     2 |       ||    12
       Sleeping          |       |       |     3 |     1 |       ||     4
       Distracted        |       |       |     1 |     9 |     9 ||    19
       Petrified         |       |       |       |       |     3 ||     3
  Eat: Chunk             |    12 |    19 |    40 |   108 |    90 ||   269
Armor: Scale mail        |    51 |    42 |    91 |    11 |       ||   195
       Robe              |     1 |       |       |       |       ||     1
       Plate armour      |       |       |       |   248 |   165 ||   413
Dodge: Dodged            |    50 |    53 |   101 |   159 |    77 ||   440
Block: Other             |       |     4 |    28 |    49 |    37 ||   118
       Reflection        |       |       |     1 |     2 |       ||     3
